 Dungeon Crawl Stone Soup version 0.26-a0-1086-g9010512d90 (webtiles) character file.

Game seed: 6804813648006006193

72 robertstho the Chiller (level 4, -1/32 HPs)
             Began as a Gnoll Ice Elementalist on Dec 14, 2020.
             Slain by a kobold
             ... wielding a +3 whip of freezing
              (3 damage)
             ... on level 2 of the Dungeon.
             The game lasted 00:01:58 (1496 turns).

robertstho the Chiller (Gnoll Ice Elementalist)     Turns: 1496, Time: 00:01:59

Health: -1/32      AC:  2    Str: 10    XL:     4   Next: 25%
Magic:  2/11       EV: 15    Int: 18    God:
Gold:   77         SH:  0    Dex: 16    Spells: 12/13 levels left

rFire    . . .     SeeInvis .   f - +0 hand axe
rCold    . . .     Faith    .   (no shield)
rNeg     . . .     Spirit   .   a - +0 robe
rPois    .         Reflect  .   (no helmet)
rElec    .         Harm     .   (no cloak)
rCorr    .         Rampage  .   (no gloves)
Will     .....                  (no boots)
Stlth    +++.......             (no amulet)
HPRegen  0.10/turn              (no ring)
MPRegen  0.12/turn              (no ring)

@: no status effects
A: distributed training, fangs 1, strong nose
a: no special abilities


You were on level 2 of the Dungeon.
You visited 1 branch of the dungeon, and saw 2 of its levels.

You collected 77 gold pieces.

Inventory:

Hand Weapons
 f - a +0 hand axe (weapon)
Missiles
 i - 17 arrows
 j - 33 stones
 k - 13 sling bullets
 l - 51 bolts
Armour
 a - a +0 robe (worn)
Scrolls
 c - 5 scrolls of identify {unknown}
 e - 2 scrolls of amnesia {unknown}
 g - a scroll of noise {unknown}
 h - a scroll of blinking {unknown}
Potions
 b - 3 potions of heal wounds {unknown}
 d - a potion of curing {unknown}


   Skills:
 + Level 1.1 Fighting
 + Level 1.1 Short Blades
 + Level 1.1 Long Blades
 + Level 1.1 Axes
 + Level 1.1 Maces & Flails
 + Level 1.1 Polearms
 + Level 1.1 Staves
 + Level 1.1 Slings
 + Level 1.1 Bows
 + Level 1.1 Crossbows
 + Level 1.1 Throwing
 + Level 1.1 Armour
 + Level 4.6 Dodging
 + Level 4.2 Stealth
 + Level 1.1 Shields
 + Level 1.1 Unarmed Combat
 + Level 5.0 Spellcasting
 + Level 0.8 Conjurations
 + Level 0.8 Hexes
 + Level 0.8 Summonings
 + Level 0.8 Necromancy
 + Level 0.8 Translocations
 + Level 0.8 Transmutations
 + Level 0.8 Fire Magic
 + Level 7.1 Ice Magic
 + Level 0.8 Air Magic
 + Level 0.8 Earth Magic
 + Level 0.8 Poison Magic
 + Level 1.2 Invocations
 + Level 1.1 Evocations


You had 12 spell levels left.
You knew the following spells:

 Your Spells              Type           Power        Failure   Level
a - Freeze                Ice            ####         1%          1

Your spell library contained the following spells:

 Spells                   Type           Power        Failure   Level
 Frozen Ramparts          Ice            ####..       1%          3
 Ozocubu's Armour         Ice            ####....     1%          3
 Hailstorm                Conj/Ice       ###.....     26%         4
 Summon Ice Beast         Ice/Summ       ###.....     26%         4


Dungeon Overview and Level Annotations

Branches:
Dungeon (2/15)

Altars:


Innate Abilities, Weirdness & Mutations

Your experience applies equally to all skills.
You have very sharp teeth.
Your uncanny sense of smell can sniff out nearby items.


Message History

a +0 club; a dart slug corpse
Found a mace.
You barely miss the kobold.
The kobold hits you with a +3 whip of freezing.
The kobold freezes you.
The kobold hits you with a +3 whip of freezing.
The kobold freezes you.
You closely miss the kobold. Your bite misses the kobold.
The kobold barely misses you.
Casting: Freeze (safe; 1% risk of failure)
Confirm with . or Enter, or press ? or * to list all spells.
Aiming: Freeze (safe; 1% risk of failure)
Press: ? - help, Shift-Dir - straight line, f - kobold
Aim: a kobold, wielding a +3 whip of freezing You freeze the kobold.
The kobold is moderately wounded.
The kobold hits you with a +3 whip of freezing!
* * * LOW HITPOINT WARNING * * *
The kobold freezes you.
You die...

.). ... # ... ## # #.#
..? # ###.# .... #
########...###.... #
#......#..K....... #
#..)...#..@....# #
#......#..))...#
########...###..(†...#
...........# ###.....#
########.### ##.#####
#......# #......#
#......# #......#
#......#####......#
######..##........#


You could see a kobold.

Vanquished Creatures
  An adder (D:2)
  2 oozes (D:1)
  6 dart slugs
  3 leopard geckos (D:1)
  3 bats (D:1)
  2 giant cockroaches (D:1)
  7 goblins
  4 jackals (D:1)
  3 frilled lizards (D:1)
  A giant cockroach zombie (D:2)
  3 kobolds
  5 rats (D:1)
40 creatures vanquished.

Notes
Turn   | Place    | Note
-------+----------+-------------------------------------------
     0 | D:1      | robertstho the Gnoll Ice Elementalist began the quest for
                  | the Orb.
     0 | D:1      | Reached XP level 1. HP: 13/13 MP: 6/6
   395 | D:1      | Reached XP level 2. HP: 19/19 MP: 5/7
   576 | D:1      | Reached skill level 5 in Spellcasting
   576 | D:1      | Reached XP level 3. HP: 21/25 MP: 6/9
   825 | D:1      | Reached skill level 1 in Invocations
  1002 | D:1      | Reached skill level 1 in Fighting
  1002 | D:1      | Reached skill level 1 in Short Blades
  1002 | D:1      | Reached skill level 1 in Long Blades
  1002 | D:1      | Reached skill level 1 in Axes
  1002 | D:1      | Reached skill level 1 in Maces & Flails
  1002 | D:1      | Reached skill level 1 in Polearms
  1002 | D:1      | Reached skill level 1 in Staves
  1002 | D:1      | Reached skill level 1 in Slings
  1002 | D:1      | Reached skill level 1 in Bows
  1002 | D:1      | Reached skill level 1 in Crossbows
  1002 | D:1      | Reached skill level 1 in Throwing
  1002 | D:1      | Reached skill level 1 in Armour
  1002 | D:1      | Reached skill level 1 in Shields
  1002 | D:1      | Reached skill level 1 in Unarmed Combat
  1002 | D:1      | Reached skill level 1 in Evocations
  1465 | D:2      | Reached XP level 4. HP: 32/32 MP: 11/11
  1496 | D:2      | Slain by a kobold

Illustrated notes

Levels and vault maps discovered:
D:1:      minmay_arrival_jagged, layout_loops_cross, minmay_misc_feat_columns,
          st_stairs_2
D:2:      layout_basic, minmay_tetromino_t2, uniq_sigmund

Skill      XL: |  1  2  3 |
---------------+----------+-----
Spellcasting   | 5 |  5.0
Invocations    | 1 |  1.2
Fighting       | 1 |  1.1
Short Blades   | 1 |  1.1
Long Blades    | 1 |  1.1
Axes           | 1 |  1.1
Maces & Flails | 1 |  1.1
Polearms       | 1 |  1.1
Staves         | 1 |  1.1
Slings         | 1 |  1.1
Bows           | 1 |  1.1
Crossbows      | 1 |  1.1
Throwing       | 1 |  1.1
Armour         | 1 |  1.1
Shields        | 1 |  1.1
Unarmed Combat | 1 |  1.1
Evocations     | 1 |  1.1
Dodging        | |  4.6
Stealth        | |  4.2
Conjurations   | |  0.8
Hexes          | |  0.8
Summonings     | |  0.8
Necromancy     | |  0.8
Translocations | |  0.8
Transmutations | |  0.8
Fire Magic     | |  0.8
Ice Magic      | |  7.1
Air Magic      | |  0.8
Earth Magic    | |  0.8
Poison Magic   | |  0.8

Action                   |  1- 3 |  4- 6 || total
-------------------------+-------+-------++-------
Melee: Unarmed           |    20 |       ||    20
       Bite              |     4 |     1 ||     5
       Hand axe          |    49 |     3 ||    52
 Cast: Freeze            |    21 |    10 ||    31
 Stab: Sleeping          |     2 |       ||     2
Armor: Robe              |     6 |     2 ||     8
Dodge: Dodged            |    69 |    11 ||    80

Table legend: (Time is in decaauts)
 A = Elapsed time spent in this place.
 B = Non-inter-level travel time spent in this place.
 C = Inter-level travel time spent in this place.
 D = Time resting spent in this place.
 E = Time spent auto-exploring this place.
 F = Levels seen in this place.
 G = Mean time per level.
                   A        B        C        D        E       F      G
               +--------+--------+--------+--------+--------+-----+--------+
         Total |   1508 |   1468 |     40 |      0 |   1216 |   2 |  754.0 |
       Dungeon |   1508 |   1468 |     40 |      0 |   1216 |   2 |  754.0 |
               +--------+--------+--------+--------+--------+-----+--------+

Top non-repeatable levels by time:
     D:1: 1397 daAuts
     D:2: 111 daAuts
